 Dungeon Crawl Stone Soup version 0.20.0-15-g7f486f2 (webtiles) character file.

35466 glosham the Carver (level 13, -10/104 HPs)
             Began as a Mummy Abyssal Knight on June 10, 2017.
             Was the Champion of Lugonu.
             Killed from afar by a lindwurm (23 damage)
             ... with a blast of flame
             ... on level 4 of the Lair of Beasts.
             The game lasted 03:10:30 (21821 turns).

glosham the Carver (Mummy Abyssal Knight)          Turns: 21821, Time: 03:10:31

Health: -10/104    AC: 12    Str: 19    XL:     13   Next: 47%
Magic:  28/28      EV: 12    Int: 16    God:    Lugonu [******]
Gold:   542        SH:  0    Dex: 12    Spells: 12/12 levels left

rFire    . . .     SeeInvis .   a - +9 long sword of Cusecs Abus {pain, rF+ rC++ Int+4}
rCold    + + +     Gourm    .   (no shield)
rNeg     + + +     Faith    +   X - +0 scale mail {MR+}
rPois    ∞         Spirit   .   U - +2 helmet
rElec    .         Reflect  .   Y - +0 cloak
rCorr    +         Harm     .   V - +0 pair of gloves
MR       ++...                  W - +0 pair of boots
Stlth    ..........             z - amulet of faith {!P}
Regen    0.3/turn               A - ring of magical power
MPRegen  0.3/turn               B - ring of resist corrosion

@: no status effects
A: no food or potions, fire vulnerability, cold resistance 1, negative energy
resistance 3, torment resistance, unbreathing, in touch with death 1
a: Depart the Abyss, Bend Space, Banish, Corrupt, Enter the Abyss, Brand Weapon
With Distortion, Renounce Religion


You were on level 4 of the Lair of Beasts.
You worshipped Lugonu.
Lugonu was exalted by your worship.
You were not hungry.

You visited 2 branches of the dungeon, and saw 14 of its levels.
You visited the Abyss 1 time.

You collected 948 gold pieces.
You spent 406 gold pieces at shops.

Inventory:

Hand Weapons
 a - the +9 long sword of Cusecs Abus (weapon) {pain, rF+ rC++ Int+4}
   (You found it on level 4 of the Dungeon)

   In the hands of one skilled in necromantic magic, it inflicts extra damage on
   living creatures.
   It affects your intelligence (+4).
   It protects you from fire.
   It greatly protects you from cold.
 b - the +4 mace of Insufficient Pleasure {venom, SInv}
   (You found it on level 6 of the Dungeon)

   It poisons the flesh of those it strikes.
   It lets you see invisible.
 c - a +2 scythe of flaming
 d - a +2 vampiric spear
 e - a +3 great sword of freezing
 f - a +4 great sword
Missiles
 j - 10 javelins (quivered)
 n - 442 stones
 q - 146 sling bullets
 r - 253 arrows
 s - 166 bolts
 w - 43 poisoned needles
Armour
 t - a +0 robe of resistance
 v - a +1 robe of cold resistance
 D - a +0 ring mail of fire resistance
 E - a +2 scale mail of cold resistance
 G - a +1 scale mail of fire resistance
 T - a +3 plate armour
 U - a +2 helmet (worn)
 V - a +0 pair of gloves (worn)
 W - a +0 pair of boots (worn)
 X - a +0 scale mail of magic resistance (worn)
 Y - a +0 cloak (worn)
 Z - a +0 buckler
Jewellery
 z - an amulet of faith (around neck) {!P}
 A - a ring of magical power (left hand)
 B - a ring of resist corrosion (right hand)
 M - an uncursed ring of wizardry
Wands
 g - a wand of random effects (20/48)
 k - a wand of polymorph (7/24)
 o - a wand of random effects (17/48)
 x - a wand of flame (20/48)
 y - a wand of flame (25/48)
 I - a wand of polymorph (0/24)
Scrolls
 h - 7 scrolls of teleportation
 i - 3 scrolls of fog
 l - 3 scrolls of enchant weapon
 m - 6 scrolls of remove curse
 p - a scroll of recharging
 u - a scroll of fear
 C - 4 scrolls of magic mapping
 F - a scroll of identify
Miscellaneous
 H - a phantom mirror
 J - a phial of floods


   Skills:
 * Level 10.7 Fighting
 - Level 14.0 Long Blades
   Level 1.5(2.9) Axes
 - Level 3.8(4.0) Polearms
 - Level 1.5 Armour
 - Level 5.1 Dodging
 + Level 8.9 Invocations


You had 12 spell levels left.
You didn't know any spells.

Dungeon Overview and Level Annotations

Branches:
Dungeon (10/15)            Temple (0/1) D:4            Lair (4/6) D:10
  Swamp (0/4) Lair:2       Spider (0/4) Lair:3
    Orc: D:9-12

Altars:
Ashenzari
Cheibriados
Gozag
Hepliaklqana
Nemelex Xobeh
Okawaru
Qazlal
Ru
Xom
Yredelemnul
The Shining One

Shops:
D:8 [


Innate Abilities, Weirdness & Mutations

You do not eat or drink.
Your flesh is vulnerable to fire.
You are immune to poison.
Your flesh is cold resistant. (rC+)
You are immune to negative energy. (rN+++)
You are immune to unholy pain and torment.
You can survive without breathing.
You are in touch with the powers of death.


Message History

You see here a bullfrog corpse.
There is an open door here.
You see here a spear.
A lindwurm comes into view.
The lindwurm roars!
The lindwurm bites you!
The lindwurm claws you but does no damage.
The lindwurm closely misses you.
You slash the lindwurm!
The lindwurm is lightly wounded.
The lindwurm bites you.
The lindwurm claws you but does no damage. x2
You hit the lindwurm.
The lindwurm is moderately wounded.
You hit the lindwurm.
The lindwurm is moderately wounded.
The lindwurm breathes flames at you. The blast of flame hits you!
You slash the lindwurm!
The lindwurm is heavily wounded.
The lindwurm bites you! The lindwurm barely misses you. The lindwurm claws you.
You barely miss the lindwurm.
The lindwurm is heavily wounded.
You hit the lindwurm.
The lindwurm is heavily wounded.
The lindwurm breathes flames at you. The blast of flame hits you!
* * * LOW HITPOINT WARNING * * *
You hit the lindwurm but do no damage.
The lindwurm is heavily wounded.
The lindwurm bites you.
* * * LOW HITPOINT WARNING * * *
The lindwurm claws you.
* * * LOW HITPOINT WARNING * * *
The lindwurm barely misses you.
You completely miss the lindwurm.
The lindwurm is heavily wounded.
The lindwurm breathes flames at you. The blast of flame hits you!
You die...

##.÷..# #.#.......
#..#.## ##........
##.##### #......P..
###.###.# #.........
#.#'#..########.........
##..".....##............
#............#.#........
#P........+..###........
##....k@..##..##........
##+.###.#######..#.#.#.
#..# ### ######)#. ##..
##.. #.. #... ..##
######.# ..# #...##'# #.
##....... #.....†..


You could see a lindwurm.

Vanquished Creatures
  4 death yaks
  3 two-headed ogres (D:9)
  The ghost of Vajrapani the Magician, a novice DrSu of Sif Muna (D:8)
  10 elephants (Lair:4)
  Joseph (Lair:1)
  A black mamba (Lair:1)
  Psyche (D:8)
  7 spiny frogs
  4 komodo dragons
  The ghost of asdasd2 the Skirmisher, an amateur MiFi (D:5)
  A troll (D:9)
  3 jumping spiders (Lair:3)
  A polar bear (Lair:2)
  14 blink frogs
  A hornet (D:10)
  7 hippogriffs
  5 dream sheep (Lair:4)
  A redback (Lair:3)
  Sigmund (D:3)
  3 wyverns
  24 yaks
  3 humans
  3 basilisks
  A hungry ghost (D:7)
  4 hogs (D:7)
  Eustachio (D:4)
  Grum (D:10)
  6 swamp worms (Lair:2)
  7 water moccasins
  7 porcupines
  2 orc warriors
  3 sky beasts
  A necrophage (D:9)
  6 phantoms
  2 black bears
  3 ice beasts
  5 ogres
  3 centaurs (D:9)
  A crocodile (Lair:1)
  13 wolves
  Blork the orc (D:4)
  15 bullfrogs
  5 scorpions
  A water moccasin skeleton (D:6)
  4 killer bees
  9 wights
  5 electric eels
  5 howler monkeys
  A crimson imp (D:6)
  A bullfrog zombie (D:5)
  A lava snake (D:7)
  2 centaur zombies
  6 hounds
  12 jellies
  2 orc priests (D:8)
  5 orc wizards
  2 centaur skeletons
  Ijyb (D:3)
  Jessica (D:3)
  3 bullfrog skeletons
  Natasha (thrice) (D:4)
  9 worker ants
  2 hound skeletons (D:4)
  A worker ant zombie (D:10)
  Robin (D:3)
  3 gnolls (D:3)
  10 adders
  4 shadow imps
  12 oozes (Lair:1)
  4 adder skeletons
  2 adder zombies
  3 worms
  3 dart slugs
  4 leopard geckos
  30 orcs
  4 giant cockroaches
  9 goblins
  12 hobgoblins
  3 jackals (D:4)
  7 quokkas
  4 bats
  5 frilled lizards
  2 jackal skeletons
  5 kobolds
  2 quokka zombies
  13 rats
405 creatures vanquished.

Vanquished Creatures (collateral kills)
  A wolf spider (Lair:3)
1 creature vanquished.

Vanquished Creatures (others)
  2 hydras
  12 fungi
  A lurking horror (Abyss:1)
  15 plants
30 creatures vanquished.

Grand Total: 436 creatures vanquished

Notes
Turn   | Place    | Note
-------+----------+-------------------------------------------
     0 | Abyss:1  | glosham the Mummy Abyssal Knight began the quest for the Orb.
     0 | Abyss:1  | Reached XP level 1. HP: 18/18 MP: 2/2
    28 | Abyss:1  | Noticed a quasit
   131 | Abyss:1  | Noticed a smoke demon
   170 | Abyss:1  | Noticed a large abomination
   189 | D:1      | Escaped the Abyss
   316 | D:1      | Reached skill level 1 in Polearms
   342 | D:1      | Reached XP level 2. HP: 24/24 MP: 3/3
   623 | D:1      | Reached skill level 2 in Polearms
   756 | D:1      | Reached ** piety under Lugonu
   837 | D:2      | Reached XP level 3. HP: 29/29 MP: 4/4
   966 | D:2      | Found a basalt altar of Yredelemnul.
  1373 | D:3      | Noticed Sigmund
  1382 | D:3      | Noticed Robin
  1580 | D:3      | Reached XP level 4. HP: 30/35 MP: 5/5
  1732 | D:3      | Reached skill level 3 in Polearms
  1789 | D:3      | Killed Robin
  2063 | D:3      | Noticed Jessica
  2080 | D:3      | Killed Jessica
  2080 | D:3      | Reached XP level 5. HP: 36/42 MP: 6/6
  2266 | D:3      | Noticed Ijyb
  2286 | D:3      | Killed Ijyb
  2286 | D:3      | Reached skill level 4 in Fighting
  2435 | D:4      | Noticed Natasha
  2441 | D:4      | Killed Natasha
  2455 | D:4      | Got a twisted long sword
  2536 | D:4      | Found a snail-covered altar of Cheibriados.
  2555 | D:4      | Reached *** piety under Lugonu
  2571 | D:4      | Noticed a phantom
  2647 | D:4      | Noticed Eustachio
  2676 | D:4      | HP: 2/43 [Eustachio/falchion (4)]
  2677 | D:4      | Killed Eustachio
  2677 | D:4      | Reached skill level 5 in Fighting
  2677 | D:4      | Reached XP level 6. HP: 3/51 MP: 7/7
  3009 | D:4      | Found a staircase to the Ecumenical Temple.
  3102 | D:4      | Reached skill level 6 in Fighting
  3336 | D:4      | Noticed Natasha
  3345 | D:4      | Killed Natasha
  3366 | D:4      | Reached XP level 7. HP: 54/58 MP: 8/8
  3522 | D:4      | Found a glowing golden altar of the Shining One.
  3522 | D:4      | Noticed Blork the orc
  3545 | D:4      | Killed Blork the orc
  3549 | D:4      | Noticed Natasha
  3562 | D:4      | Killed Natasha
  3562 | D:4      | Reached skill level 7 in Fighting
  3570 | D:4      | Identified the +9 long sword of Cusecs Abus {pain, rF+ rC++ Int+4} (You found it on level 4 of the Dungeon)
  3798 | D:4      | Found a sparkling altar of Nemelex Xobeh.
  3800 | D:4      | Found a shattered altar of Ashenzari.
  3959 | D:5      | Entered Level 5 of the Dungeon
  3969 | D:5      | Reached skill level 1 in Long Blades
  4087 | D:5      | Noticed asdasd2's ghost (amateur MiFi)
  4102 | D:5      | Killed asdasd2's ghost
  4102 | D:5      | Reached skill level 3 in Long Blades
  4108 | D:5      | Reached XP level 8. HP: 51/67 MP: 9/9
  4217 | D:5      | Reached skill level 4 in Long Blades
  4337 | D:4      | Reached skill level 5 in Long Blades
  4707 | D:5      | Reached **** piety under Lugonu
  4980 | D:6      | Reached skill level 6 in Long Blades
  5338 | D:6      | Got an ivory mace
  5533 | D:6      | Reached skill level 7 in Long Blades
  5537 | D:6      | Reached XP level 9. HP: 70/72 MP: 10/10
  6249 | D:7      | Reached skill level 8 in Long Blades
  6268 | D:7      | Reached skill level 9 in Long Blades
  6583 | D:6      | Found a sparkling altar of Nemelex Xobeh.
  6883 | D:7      | Reached ***** piety under Lugonu
  7468 | D:8      | Noticed Vajrapani's ghost (novice DrSu)
  7500 | D:8      | Killed Vajrapani's ghost
  7500 | D:8      | Reached skill level 10 in Long Blades
  7500 | D:8      | Reached XP level 10. HP: 47/79 MP: 11/11
  8066 | D:8      | Found Xunodgh's Antique Armour Shop.
  8115 | D:8      | Found a stormy altar of Qazlal.
  8119 | D:8      | Found an opulent altar of Gozag.
  8209 | D:8      | Reached skill level 11 in Long Blades
  8323 | D:8      | Noticed Psyche
  8332 | D:8      | Killed Psyche
  8815 | D:9      | Noticed a two-headed ogre
  8833 | D:9      | HP: 3/79 [two-headed ogre/giant club (11)]
  8835 | D:9      | Killed a two-headed ogre
  9247 | D:9      | Noticed a two-headed ogre
  9255 | D:9      | Killed a two-headed ogre
  9255 | D:9      | Reached skill level 12 in Long Blades
  9279 | D:9      | Found a hazy altar of Hepliaklqana.
  9342 | D:9      | Noticed a two-headed ogre
  9362 | D:9      | Killed a two-headed ogre
  9362 | D:9      | Reached XP level 11. HP: 72/84 MP: 12/12
 10379 | D:9      | Reached skill level 13 in Long Blades
 10638 | D:9      | Found a sacrificial altar of Ru.
 10638 | D:9      | Found a shimmering altar of Xom.
 10751 | D:8      | Bought a glowing helmet for 210 gold pieces
 10752 | D:8      | Identified the +4 mace of Insufficient Pleasure {venom, SInv} (You found it on level 6 of the Dungeon)
 10810 | D:8      | Bought a warped leather armour for 196 gold pieces
 10810 | D:8      | Identified the +3 leather armour of the Game of Kings {Int+4} (You bought it in a shop on level 8 of the Dungeon)
 11005 | D:3      | Killed Sigmund
 11220 | D:10     | Entered Level 10 of the Dungeon
 11505 | D:10     | Found a staircase to the Lair.
 11741 | D:10     | Reached ****** piety under Lugonu
 11939 | D:10     | Noticed Grum
 11960 | D:10     | Killed Grum
 12327 | D:10     | Found an iron altar of Okawaru.
 12474 | Lair:1   | Entered Level 1 of the Lair of Beasts
 13083 | Lair:1   | Reached skill level 14 in Long Blades
 13089 | Lair:1   | Reached skill level 1 in Dodging
 13093 | Lair:1   | Noticed Joseph
 13105 | Lair:1   | Reached skill level 2 in Dodging
 13128 | Lair:1   | Killed Joseph
 13473 | Lair:1   | Noticed an oklob plant
 13476 | Lair:1   | Reached skill level 3 in Dodging
 13995 | Lair:1   | Noticed a shambling mangrove
 13995 | Lair:1   | an oklob plant changed into a shambling mangrove
 14001 | Lair:1   | Banished a shambling mangrove
 14001 | Lair:1   | Reached XP level 12. HP: 91/91 MP: 13/13
 14108 | Lair:1   | Reached skill level 4 in Dodging
 15441 | Lair:1   | Reached skill level 5 in Dodging
 15576 | Lair:1   | Noticed a six-headed hydra
 15581 | Lair:1   | Banished a six-headed hydra
 15581 | Lair:1   | Reached skill level 8 in Fighting
 15737 | Lair:2   | Reached skill level 2 in Invocations
 15816 | Lair:2   | Reached skill level 3 in Invocations
 16185 | Lair:2   | Reached skill level 4 in Invocations
 16712 | Lair:1   | Reached skill level 5 in Invocations
 17296 | Lair:2   | Found a staircase to the Swamp.
 17473 | Lair:3   | Noticed a seven-headed hydra
 17476 | Lair:3   | Banished a seven-headed hydra
 17558 | Lair:3   | Reached skill level 6 in Invocations
 18354 | Lair:3   | Noticed a six-headed hydra
 18358 | Lair:3   | Banished a six-headed hydra
 18502 | Lair:3   | Reached skill level 9 in Fighting
 18651 | Lair:3   | Found a hole to the Spider Nest.
 18847 | Lair:2   | Reached skill level 7 in Invocations
 19471 | Lair:3   | Gained mutation: You are in touch with the powers of death. [Mummy growth]
 19471 | Lair:3   | Reached XP level 13. HP: 97/101 MP: 18/18
 20103 | Lair:4   | Reached skill level 8 in Invocations
 20215 | Lair:3   | Reached skill level 10 in Fighting
 21821 | Lair:4   | Killed from afar by a lindwurm

Skill      XL: |  1  2  3  4  5  6  7  8  9 10 11 12 13 |
---------------+----------------------------------------+-----
Polearms       | 1 2 3 |  3.8
Fighting       | 5 6 7 9 10 | 10.7
Long Blades    | 3 7 10 12 14 | 14.0
Dodging        | 3 5 |  5.1
Invocations    | 7 8 |  8.9
Axes           | |  1.5
Armour         | |  1.5

Action                   |  1- 3 |  4- 6 |  7- 9 | 10-12 | 13-15 || total
-------------------------+-------+-------+-------+-------+-------++-------
Melee: Spear             |   135 |   193 |    23 |       |       ||   351
       Long sword        |       |       |   326 |   806 |   214 ||  1346
Throw: Javelin           |     5 |       |     1 |    20 |     4 ||    30
       Stone             |     2 |       |       |       |       ||     2
Invok: Banish            |       |       |       |     8 |       ||     8
Evoke: Wand              |       |     1 |       |    18 |       ||    19
  Use: Scroll            |     7 |     4 |     6 |     9 |       ||    26
 Stab: Sleeping          |     2 |       |       |       |       ||     2
       Paralysed         |       |       |       |     2 |       ||     2
       Petrified         |       |       |       |     4 |       ||     4
Armor: Leather armour    |    13 |       |       |       |       ||    13
       Ring mail         |    23 |    36 |    35 |       |       ||    94
       Scale mail        |       |       |    96 |   231 |    57 ||   384
Dodge: Dodged            |    46 |    57 |   146 |   265 |    71 ||   585
       Rpst.: Long sword |       |       |    37 |    61 |    17 ||   115

Table legend:
 A = Turns spent in this place as a percentage of turns spent in the entire game.
 B = Non-inter-level travel turns spent in this place as a percentage of non-inter-level travel turns spent in the entire game.
 C = Inter-level travel turns spent in this place as a percentage of turns spent in this place.
 D = Turns resting spent in this place as a percentage of non-inter-level travel turns spent in this place.
 E = Turns spent auto-exploring this place as a percentage of non-inter-level travel turns spent in this place.
 F = Non-inter-level travel turns spent in this place divided by the number of levels of this place that you've seen.
                   A       B       C       D       E      F
               +-------+-------+-------+-------+-------+----------------------
         Total | 100.0 | 100.0 |   0.5 |   2.7 |   0.4 | 673.3
       Dungeon |  60.3 |  60.2 |   0.6 |   2.5 |   0.4 | 608.1
          Lair |  37.9 |  37.9 |   0.4 |   3.3 |   0.4 | 956.8
         Abyss |   1.9 |   1.9 |   0.0 |   0.0 |   0.0 | 192.0
               +-------+-------+-------+-------+-------+----------------------

Table legend:
 A = Kills in this place as a percentage of kills in entire the game.
 B = Kills by you in this place as a percentage of kills by you in the entire game.
 C = Kills by friends in this place as a percentage of kills by friends in the entire game.
 D = Other kills in this place as a percentage of other kills in the entire game.
 E = Experience gained in this place as a percentage of experience gained in the entire game.
 F = Experience gained in this place divided by the number of levels of this place that you have seen.
                   A       B       C       D       E      F
               +-------+-------+-------+-------+-------+----------------------
         Total | 100.0 | 100.0 | 100.0 | 100.0 | 100.0 | 3377.7
       Dungeon |  65.1 |  65.9 |   0.0 |   0.0 |  35.9 | 1817.2
          Lair |  34.9 |  34.1 | 100.0 | 100.0 |  64.1 | 8123.5
               +-------+-------+-------+-------+-------+----------------------

Vault maps used:
D:1:      onia_arrival_larder
D:2:      overflow_temple_1_default
D:3:      uniq_jessica, uniq_robin, uniq_sigmund, uniq_ijyb
D:4:      kennysheep_slug_shrine, grunt_temple_overflow_open,
          minmay_temple_entry_large_hall, first_bread, uniq_blork_the_orc,
          uniq_eustachio, uniq_natasha
D:6:      lemuel_upstairs_altar
D:7:      grunt_livestock, hangedman_abyss_or_decor_passed,
          kennysheep_generic_room_16
D:8:      minitemple, serial_shops, shop, uniq_psyche
D:9:      gammafunk_temple_overflow_elements, overflow_temple_1_default
D:10:     lair_entry_dummy, okawaru_humans, uniq_grum
Lair:1:   lemuel_slime, minivault_24, uniq_joseph
Lair:2:   nicolae_swamp_entry_splash_gauntlet, beast_lair_carwin_10
Lair:3:   spider_nest_entry_funnel_web, serial_bayou, serial_bayou_ford_a,
          serial_bayou_shore_a, serial_bayou_pond_c, serial_bayou_lake_a,
          serial_bayou_pond_e, serial_bayou_crossing
Lair:4:   uniq_josephine
